[Event "Wednesday Apr 25 Engine Tour 9 rd Swiss 12m+1s Starts at 1600hrs"]
[Site "Infinity Chess"]
[Date "2018.4.25"]
[Round "6"]
[White "ocirema"]
[Black "NINJA_JENGKA"]
[Result "1/2-1/2"]
[ECO "E10"]
[WhiteElo "2442"]
[BlackElo "2411"]
[WhiteEngine "asmFishW_2018-04-24_popcnt"]
[BlackEngine "Houdini 6_CTG"]
[EventType "Swiss"]
[WhiteTeam ""]
[BlackTeam ""]
[PlyCount "135"]
[TimeControl "720+1"]

1. d4 Nf6 2. c4 e6 3. Nf3 d5 4. g3 Bb4+ 5. Bd2 Be7 6. Bg2 c6 7. O-O Nbd7 
8. Qc2 b6 9. Rc1 O-O 10. Bf4 Bb7 11. cxd5 Nxd5 12. Rd1 Nxf4 13. gxf4 Qc7 
14. e3 Rac8 15. Nc3 Rfd8 16. Qe2 Nf8 17. Ne5 f6 18. Nf3 c5 19. dxc5 Bxc5 
20. a3 Rxd1+ 21. Qxd1 Qb8 22. Rc1 Qa8 23. Ne1 Bxg2 24. Nxg2 f5 25. Ne1 h6 
26. Nb5 a6 27. Nd4 Rd8 28. Nef3 Ng6 29. Rc4 a5 30. h3 Qd5 31. Qe2 Qe4 
32. Qd1 Kh7 33. Qc2 Qa8 34. b3 Rd6 35. Qe2 Qb7 36. Nb5 Rd5 37. b4 axb4 
38. axb4 Be7 39. Nc7 Rd6 40. Nb5 Rd8 41. Nbd4 Qd5 42. Nc6 Ra8 43. Nxe7 Ra1+ 
44. Kg2 Nxe7 45. Rd4 Qa8 46. Rd7 Qe8 47. Qb2 Qxd7 48. Qxa1 Qc6 49. Qb2 Qe4 
50. Qd4 Qxd4 51. Nxd4 Nd5 52. Nxe6 Nxb4 53. f3 Kg6 54. Nc7 Nd3 55. h4 Ne1+ 
56. Kg3 Kf7 57. Nb5 Nd3 58. h5 Kf6 59. e4 g5 60. e5+ Kf7 61. fxg5 hxg5 
62. Nc7 f4+ 63. Kg4 Nxe5+ 64. Kxg5 Nxf3+ 65. Kxf4 Nd4 66. h6 Kg6 67. h7 Kxh7 
68. Nd5 1/2-1/2

[Event "Wednesday Apr 25 Engine Tour 9 rd Swiss 12m+1s Starts at 1600hrs"]
[Site "Infinity Chess"]
[Date "2018.4.25"]
[Round "6"]
[White "Vimtiroba"]
[Black "MarioDeMonti"]
[Result "1-0"]
[ECO "A20"]
[WhiteElo "2418"]
[BlackElo "2449"]
[WhiteEngine "AsmFish A24_CTG"]
[BlackEngine "stockfish_x64_bmi2_2018_02_18_CTG"]
[EventType "Swiss"]
[WhiteTeam ""]
[BlackTeam ""]
[PlyCount "187"]
[TimeControl "720+1"]

1. c4 e5 2. Nf3 d6 3. e3 f5 4. Nc3 Nf6 5. d4 e4 6. Ng5 c6 7. Be2 Be7 8. f3 h6 
9. Nh3 exf3 10. Bxf3 O-O 11. O-O Na6 12. Bd2 g5 13. Nf2 d5 14. cxd5 cxd5 
15. Qb3 Nc7 16. e4 Be6 17. exf5 Bxf5 18. Ncd1 Qd7 19. Ne3 Be6 20. Nd3 Bd6 
21. Bb4 Bxb4 22. Qxb4 Qb5 23. Qd2 Ne4 24. Qc2 Qc6 25. Qxc6 bxc6 26. Ne5 Nd2 
27. Rfc1 Nxf3+ 28. Nxf3 Bd7 29. Ne5 Be8 30. Nxc6 Bxc6 31. Rxc6 Rae8 32. Re1 Ne6 
33. Nxd5 Nxd4 34. Rxe8 Rxe8 35. Rc4 Re1+ 36. Kf2 Re2+ 37. Kf1 Rd2 38. Ke1 Re2+ 
39. Kd1 Rxg2 40. Rxd4 Rxh2 41. Rd2 Rh1+ 42. Ke2 Kf7 43. Kf3 Rf1+ 44. Kg2 Re1 
45. Kf2 Re6 46. Kf3 h5 47. Rc2 Re5 48. Ne3 Ra5 49. b3 Ra6 50. Nd5 Ra5 
51. Ke4 Ke6 52. Nc7+ Kd6 53. Ne8+ Ke7 54. Ng7 h4 55. Nf5+ Kf7 56. Nd4 Kg6 
57. a4 Kf6 58. Rc6+ Ke7 59. Nf3 h3 60. Ne5 g4 61. Rh6 Rc5 62. Kd4 Rc1 
63. Nxg4 Rd1+ 64. Kc4 Rh1 65. Kb5 Kd7 66. Nf2 Rg1 67. Rxh3 Kd6 68. Ne4+ Kd5 
69. Nc5 Rg6 70. Rd3+ Ke5 71. a5 Rg8 72. Rd7 Ra8 73. Ka6 Rb8 74. Kxa7 Rc8 
75. b4 Rh8 76. b5 Rc8 77. b6 Rxc5 78. Rd5+ Rxd5 79. a6 Kf4 80. b7 Rd7 
81. Ka8 Ke4 82. b8=Q Rd1 83. a7 Rc1 84. Qg3 Ra1 85. Qc3 Rxa7+ 86. Kxa7 Kf5 
87. Qf3+ Kg6 88. Kb7 Kg7 89. Kc6 Kg6 90. Kd6 Kh7 91. Ke6 Kg6 92. Qg2+ Kh6 
93. Kf6 Kh7 94. Qg7# 1-0

[Event "Wednesday Apr 25 Engine Tour 9 rd Swiss 12m+1s Starts at 1600hrs"]
[Site "Infinity Chess"]
[Date "2018.4.25"]
[Round "6"]
[White "Time_bandit"]
[Black "hafaba"]
[Result "1-0"]
[ECO "C77"]
[WhiteElo "2465"]
[BlackElo "2434"]
[WhiteEngine "asmFishW_2018-04-11_bmi2"]
[BlackEngine "Eman 1.70-beta21 64-bit POPCNT_CTG"]
[EventType "Swiss"]
[WhiteTeam ""]
[BlackTeam ""]
[PlyCount "155"]
[TimeControl "720+1"]

1. e4 e5 2. Nf3 Nc6 3. Bb5 a6 4. Ba4 Nf6 5. O-O Be7 6. Re1 b5 7. Bb3 d6 
8. c3 O-O 9. h3 Na5 10. Bc2 c5 11. d4 cxd4 12. cxd4 Bb7 13. d5 Rc8 14. Nbd2 Qc7 
15. Bd3 Nd7 16. Nf1 f5 17. Ng3 f4 18. Nf5 Bd8 19. b3 g6 20. Nh6+ Kg7 21. Ng4 Qb6 
22. Bd2 h5 23. Ngh2 Nc5 24. Bb1 Nd7 25. Rf1 Ba8 26. Kh1 Bf6 27. Rg1 Nc6 
28. dxc6 Qxc6 29. Qe2 Nc5 30. Rc1 Qd7 31. Bb4 Rfd8 32. Kg1 Bb7 33. Bc2 Rc6 
34. Rd1 Qc7 35. Qe1 Qf7 36. Rac1 g5 37. Bxc5 Rxc5 38. b4 Rcc8 39. Bb3 Qd7 
40. Qe2 Rh8 41. Ne1 Be7 42. Nd3 Rxc1 43. Rxc1 Bd8 44. Nf3 Re8 45. Nfxe5 dxe5 
46. Qxh5 Rh8 47. Qe2 Bb6 48. Nxe5 Qe7 49. Rd1 Qxe5 50. Rd7+ Kh6 51. Rxb7 Bc7 
52. Bd1 f3 53. Qxf3 Rd8 54. Qh5+ Kg7 55. g3 Rd7 56. Bg4 Rd3 57. h4 Rc3 
58. hxg5 Rc1+ 59. Kh2 Rc6 60. Bf5 a5 61. Qh7+ Kf8 62. Ra7 Qd4 63. Ra8+ Bd8 
64. Bd7 Qxf2+ 65. Kh3 Qf1+ 66. Kh4 Qh1+ 67. Bh3 Qd1 68. Qh8+ Ke7 69. Qg7+ Ke8 
70. Qg8+ Ke7 71. g6 Rc7 72. g7 Kf6 73. Rxd8 Qxd8 74. Qxd8+ Kxg7 75. Qxc7+ Kg8 
76. Be6+ Kh8 77. Qf7 a4 78. Qg8# 1-0

[Event "Wednesday Apr 25 Engine Tour 9 rd Swiss 12m+1s Starts at 1600hrs"]
[Site "Infinity Chess"]
[Date "2018.4.25"]
[Round "6"]
[White "Thinker"]
[Black "angriff"]
[Result "1/2-1/2"]
[ECO "C50"]
[WhiteElo "2468"]
[BlackElo "2421"]
[WhiteEngine "BrainFish_180418_x64_modern_CTG"]
[BlackEngine "DracoREX 3.07 64BIT POPCNT_CTG"]
[EventType "Swiss"]
[WhiteTeam ""]
[BlackTeam ""]
[PlyCount "98"]
[TimeControl "720+1"]

1. e4 e5 2. Nf3 Nc6 3. Bc4 Bc5 4. O-O Nf6 5. d3 d6 6. c3 O-O 7. h3 a5 8. Nbd2 h6 
9. Re1 Be6 10. b3 Bb6 11. a4 d5 12. Bb5 Ne7 13. exd5 Nfxd5 14. Qc2 c6 
15. Bc4 Ng6 16. d4 Ndf4 17. dxe5 Nh4 18. Bf1 Bd5 19. Re4 Nfg6 20. Bc4 Re8 
21. g3 Nxf3+ 22. Nxf3 Qd7 23. Bxd5 cxd5 24. Rg4 Qc6 25. Nd4 Bxd4 26. Rxd4 Nxe5 
27. Kg2 b5 28. axb5 Qxb5 29. Qd1 Qb7 30. Rxd5 a4 31. f3 axb3 32. Rxa8 Rxa8 
33. Rxe5 b2 34. Bxb2 Qxb2+ 35. Qe2 Qxc3 36. Re8+ Rxe8 37. Qxe8+ Kh7 
38. Qxf7 Qd2+ 39. Kf1 Qd3+ 40. Ke1 Qe3+ 41. Kd1 Qe5 42. g4 Qg3 43. Ke2 Qxh3 
44. Qf4 Qg2+ 45. Ke1 Qg1+ 46. Ke2 h5 47. gxh5 Qg2+ 48. Kd1 Qh1+ 49. Kc2 Qxh5 
1/2-1/2

[Event "Wednesday Apr 25 Engine Tour 9 rd Swiss 12m+1s Starts at 1600hrs"]
[Site "Infinity Chess"]
[Date "2018.4.25"]
[Round "6"]
[White "gmmarolideus"]
[Black "Marsell"]
[Result "0-1"]
[ECO "C58"]
[WhiteElo "2373"]
[BlackElo "2473"]
[WhiteEngine "asmFishW_2018-04-07_popcnt_CTG"]
[BlackEngine "BrainFish_180418_x64_bmi2"]
[EventType "Swiss"]
[WhiteTeam ""]
[BlackTeam ""]
[PlyCount "208"]
[TimeControl "720+1"]

1. e4 e5 2. Nf3 Nc6 3. Bc4 Nf6 4. Ng5 d5 5. exd5 Na5 6. Bb5+ c6 7. dxc6 bxc6 
8. Qf3 Be7 9. Bd3 O-O 10. Nc3 Rb8 11. O-O h6 12. Nge4 Nh7 13. Ng3 Ng5 14. Qe2 f5 
15. f3 Bd6 16. b3 Ne6 17. Bb2 Nf4 18. Qe3 Ne6 19. Qe1 Nf4 20. Qf2 c5 21. Bb5 a6 
22. Ba4 Bb7 23. d3 h5 24. Kh1 h4 25. Nge2 Ne6 26. Ng1 Bc7 27. Rae1 Nc6 
28. Bxc6 Bxc6 29. Nb1 Nd4 30. Nh3 a5 31. Na3 a4 32. Nc4 e4 33. dxe4 fxe4 
34. f4 g5 35. f5 g4 36. Bxd4 cxd4 37. Qe2 Rf7 38. Nf4 Qf6 39. Qxg4+ Rg7 
40. Ng6 e3 41. h3 Rf8 42. Rg1 Bg3 43. c3 Bxe1 44. Rxe1 Rd8 45. Qh5 Rxg6 
46. Qxg6+ Qxg6 47. fxg6 d3 48. Nxe3 Re8 49. Kg1 d2 50. Rd1 Rxe3 51. Rxd2 a3 
52. c4 Kg7 53. Kf2 Rg3 54. Kg1 Be4 55. Re2 Bd3 56. Re6 Bf5 57. Re2 Kxg6 
58. c5 Kg5 59. b4 Rc3 60. b5 Kf4 61. Rf2+ Ke5 62. c6 Rc1+ 63. Kh2 Be4 
64. Rd2 Kf4 65. Rd7 Rc2 66. Rg7 Ke3 67. c7 Bb7 68. c8=Q Bxc8 69. b6 Rxa2 
70. Ra7 Kd4 71. b7 Bxb7 72. Rxb7 Rc2 73. Rh7 a2 74. Rxh4+ Kc3 75. Ra4 Kb3 
76. Ra7 Rc1 77. Kg3 a1=Q 78. Rxa1 Rxa1 79. Kf4 Kc4 80. Ke5 Re1+ 81. Kf4 Kd5 
82. h4 Rf1+ 83. Kg5 Ke6 84. g3 Ke7 85. Kg4 Kf6 86. Kh3 Kf5 87. Kg2 Rd1 
88. Kf2 Rd3 89. h5 Kg5 90. g4 Kxg4 91. Ke2 Rh3 92. h6 Kf4 93. Kd2 Ke4 
94. h7 Rxh7 95. Kc3 Ke3 96. Kc4 Rh5 97. Kb3 Kd3 98. Kb4 Rg5 99. Kb3 Rg4 
100. Kb2 Rb4+ 101. Ka3 Kc3 102. Ka2 Ra4+ 103. Kb1 Ra5 104. Kc1 Ra1# 0-1

[Event "Wednesday Apr 25 Engine Tour 9 rd Swiss 12m+1s Starts at 1600hrs"]
[Site "Infinity Chess"]
[Date "2018.4.25"]
[Round "6"]
[White "localhero"]
[Black "Seliga"]
[Result "1/2-1/2"]
[ECO "C77"]
[WhiteElo "2440"]
[BlackElo "2479"]
[WhiteEngine "asmFishW_2018-04-11_popcnt"]
[BlackEngine "AsmFish A10_CTG"]
[EventType "Swiss"]
[WhiteTeam ""]
[BlackTeam ""]
[PlyCount "135"]
[TimeControl "720+1"]

1. e4 e5 2. Nf3 Nc6 3. Bb5 a6 4. Ba4 Nf6 5. O-O Be7 6. Re1 b5 7. Bb3 O-O 
8. c3 d5 9. exd5 Nxd5 10. Nxe5 Nxe5 11. Rxe5 c6 12. d4 Bd6 13. Re1 Qh4 
14. g3 Qh3 15. Be3 Be6 16. Qf3 a5 17. Qg2 Qxg2+ 18. Kxg2 Rfe8 19. Bd1 a4 
20. Bf3 a3 21. b3 Bd7 22. Bd2 Rxe1 23. Bxe1 Bf5 24. Nd2 Nxc3 25. Nf1 Nd5 
26. Ne3 Be6 27. Rc1 Ne7 28. Nc2 Nd5 29. Bxd5 Bxd5+ 30. f3 Kf8 31. Bb4 Ke7 
32. Bxd6+ Kxd6 33. Ne3 g6 34. Kf2 Be6 35. h4 Bd5 36. g4 f6 37. Rh1 Rf8 
38. h5 Bf7 39. hxg6 Bxg6 40. Ke2 Re8 41. Kd2 c5 42. dxc5+ Kxc5 43. Rc1+ Kd4 
44. Ng2 h5 45. Nf4 hxg4 46. fxg4 Rh8 47. Ne2+ Kd5 48. Nf4+ Kd4 49. Nxg6 Rh2+ 
50. Kd1 Rxa2 51. Nf4 Rb2 52. Ne2+ Kd3 53. Rc3+ Ke4 54. Nc1 a2 55. Nxa2 Rxa2 
56. Rc5 b4 57. Rc6 Ra1+ 58. Ke2 Ra2+ 59. Kd1 Rf2 60. Re6+ Kd3 61. Kc1 Kd4 
62. Rc6 Rf4 63. Kd2 Kd5 64. Ke3 Kxc6 65. Kxf4 Kd6 66. Ke3 Ke5 67. Kf3 Kd6 
68. Ke4 1/2-1/2

[Event "Wednesday Apr 25 Engine Tour 9 rd Swiss 12m+1s Starts at 1600hrs"]
[Site "Infinity Chess"]
[Date "2018.4.25"]
[Round "6"]
[White "THE_MACHINE"]
[Black "Murx"]
[Result "1-0"]
[ECO "C50"]
[WhiteElo "2543"]
[BlackElo "2526"]
[WhiteEngine "BrainFish_180423_x64_bmi2"]
[BlackEngine "asmFishW_2018-04-07_popcnt"]
[EventType "Swiss"]
[WhiteTeam ""]
[BlackTeam ""]
[PlyCount "195"]
[TimeControl "720+1"]

1. e4 e5 2. Nf3 Nc6 3. Bc4 Bc5 4. O-O Nf6 5. d3 d6 6. c3 a5 7. h3 O-O 8. Re1 h6 
9. Bb3 Bd7 10. d4 Ba7 11. Be3 Re8 12. Nbd2 exd4 13. Nxd4 Nxd4 14. Bxd4 b5 
15. Bc2 Bxd4 16. cxd4 a4 17. Nf3 Nh7 18. Qd2 Ng5 19. Nxg5 Qxg5 20. f4 Qh4 
21. Rf1 c6 22. Rf2 Rac8 23. Re1 Be6 24. Bb1 Bc4 25. e5 dxe5 26. dxe5 Red8 
27. Qc3 c5 28. b3 axb3 29. axb3 Be6 30. f5 Bd5 31. e6 b4 32. Qe3 Qe7 33. Qg3 f6 
34. Rc1 Kh7 35. Kh2 Kg8 36. Kg1 Kh8 37. Kh2 Kg8 38. Rd2 Bc6 39. Rd3 Kf8 
40. Kh1 Kg8 41. Qe3 Kh7 42. Rxd8 Qxd8 43. Bd3 Qd5 44. Bf1 Qe4 45. Qf2 Be8 
46. Re1 Qd5 47. Bc4 Qd6 48. e7 Ra8 49. Qf3 Ra2 50. Qe3 Ra8 51. Qe2 Ra7 
52. Qe4 Ra3 53. Qe6 Qxe6 54. Rxe6 Ra7 55. Kh2 g5 56. fxg6+ Kxg6 57. g4 Rd7 
58. h4 Rd4 59. Kg3 Kh7 60. Rxf6 Re4 61. Rf5 Rxe7 62. Rxc5 h5 63. g5 Bg6 
64. Kf3 Rd7 65. Rd5 Rf7+ 66. Kg3 Re7 67. Rd4 Re3+ 68. Kf2 Re7 69. Bd5 Re5 
70. Bf3 Rb5 71. Rd7+ Kh8 72. Bd5 Bc2 73. Ke3 Rb8 74. Kd4 Rf8 75. Rc7 Bh7 
76. Bf7 Bg8 77. g6 Rb8 78. Ke5 Bxf7 79. Rxf7 Rb6 80. Kf5 Rb5+ 81. Kf6 Kg8 
82. Ra7 Rb8 83. Kg5 Rb5+ 84. Kh6 Rb8 85. Kxh5 Kh8 86. Kh6 Kg8 87. h5 Rc8 
88. Ra5 Rb8 89. Kg5 Kf8 90. h6 Ke7 91. g7 Kf7 92. Rf5+ Ke7 93. h7 Rd8 
94. g8=Q Rxg8+ 95. hxg8=Q+ Kd6 96. Qg6+ Ke7 97. Rf7+ Ke8 98. Qg8# 1-0

[Event "Wednesday Apr 25 Engine Tour 9 rd Swiss 12m+1s Starts at 1600hrs"]
[Site "Infinity Chess"]
[Date "2018.4.25"]
[Round "5"]
[White "Vimtiroba"]
[Black "star99"]
[Result "1/2-1/2"]
[ECO "A15"]
[WhiteElo "2416"]
[BlackElo "2465"]
[WhiteEngine "AsmFish A24_CTG"]
[BlackEngine "Cryptic Heroes 9.4B"]
[EventType "Swiss"]
[WhiteTeam ""]
[BlackTeam ""]
[PlyCount "105"]
[TimeControl "720+1"]

1. c4 Nf6 2. Nf3 g6 3. d4 Bg7 4. Nc3 d5 5. cxd5 Nxd5 6. e4 Nxc3 7. bxc3 c5 
8. Rb1 O-O 9. Be2 b6 10. O-O Bb7 11. Qd3 Ba6 12. Qe3 Qd7 13. Rd1 cxd4 
14. cxd4 Rc8 15. Ba3 Bxe2 16. Qxe2 Nc6 17. Bb2 Na5 18. d5 Bxb2 19. Rxb2 Rc5 
20. Rc2 Rac8 21. Rxc5 Rxc5 22. Qd2 Nb7 23. e5 Qa4 24. d6 exd6 25. exd6 Qd7 
26. h4 f6 27. Qf4 Rc6 28. Qxf6 Rxd6 29. Rxd6 Qxd6 30. Qc3 Nc5 31. Ng5 Qe7 
32. Qc4+ Kg7 33. Qd4+ Qf6 34. Qd5 h6 35. Nf3 Qf4 36. Qd1 Qf5 37. a3 Qf4 
38. Qa1+ Kg8 39. Qe1 Ne4 40. Qe2 Kg7 41. g3 Qf5 42. Nd4 Qd5 43. Nc2 Nf6 
44. Qe7+ Qf7 45. Qe5 Qd5 46. Qe7+ Qf7 47. Qb4 Qd7 48. Qc4 Qd5 49. Qc3 Qc5 
50. Qd3 Qd5 51. Qc3 Qc5 52. Qd3 Qd5 53. Qc3 1/2-1/2

[Event "Wednesday Apr 25 Engine Tour 9 rd Swiss 12m+1s Starts at 1600hrs"]
[Site "Infinity Chess"]
[Date "2018.4.25"]
[Round "5"]
[White "hafaba"]
[Black "NINJA_JENGKA"]
[Result "1/2-1/2"]
[ECO "B32"]
[WhiteElo "2435"]
[BlackElo "2410"]
[WhiteEngine "Eman 1.70-beta21 64-bit POPCNT_CTG"]
[BlackEngine "Houdini 6_CTG"]
[EventType "Swiss"]
[WhiteTeam ""]
[BlackTeam ""]
[PlyCount "107"]
[TimeControl "720+1"]

1. e4 c5 2. Nf3 Nc6 3. d4 cxd4 4. Nxd4 e5 5. Nb5 d6 6. N1c3 a6 7. Na3 b5 
8. Nd5 Nf6 9. Bg5 Be7 10. Bxf6 Bxf6 11. c3 Rb8 12. Nc2 O-O 13. h4 g6 14. g3 Bg7 
15. h5 Ne7 16. Nce3 Nxd5 17. Nxd5 Be6 18. Bh3 Qg5 19. hxg6 hxg6 20. Qd3 Bxd5 
21. Qxd5 Bf6 22. Kf1 b4 23. c4 Bd8 24. Rd1 b3 25. a3 Qf6 26. Qxd6 Qxd6 
27. Rxd6 Be7 28. Rd1 Rfd8 29. Ke2 Rxd1 30. Rxd1 Kg7 31. Bg4 Bc5 32. Bd7 Kf6 
33. Ba4 Bd4 34. Rd2 Ke6 35. f4 Kd6 36. Kf3 Kc5 37. fxe5 Kxc4 38. Bc6 Bxe5 
39. Bd5+ Kc5 40. Bxf7 Rf8 41. Ke3 Rxf7 42. Rd5+ Kc4 43. Rxe5 Rf1 44. Ra5 Rb1 
45. Ra4+ Kc5 46. Rxa6 Rxb2 47. Ra5+ Kc4 48. Ra7 Rg2 49. Rc7+ Kb5 50. Rb7+ Ka4 
51. Ra7+ Kb5 52. Rb7+ Ka4 53. Ra7+ Kb5 54. Rb7+ 1/2-1/2

[Event "Wednesday Apr 25 Engine Tour 9 rd Swiss 12m+1s Starts at 1600hrs"]
[Site "Infinity Chess"]
[Date "2018.4.25"]
[Round "5"]
[White "localhero"]
[Black "CrapCleaner"]
[Result "1-0"]
[ECO "C77"]
[WhiteElo "2423"]
[BlackElo "2438"]
[WhiteEngine "asmFishW_2018-04-11_popcnt"]
[BlackEngine "Houdini 6.03 Standard_CTG"]
[EventType "Swiss"]
[WhiteTeam ""]
[BlackTeam ""]
[PlyCount "112"]
[TimeControl "720+1"]

1. e4 e5 2. Nf3 Nc6 3. Bb5 a6 4. Ba4 Nf6 5. O-O Be7 6. Re1 b5 7. Bb3 O-O 
8. c3 d6 9. h3 Bb7 10. d4 Re8 11. Nbd2 Bf8 12. a4 exd4 13. cxd4 Qd7 14. Bc2 Nb4 
15. Bb1 c5 16. axb5 axb5 17. Rxa8 Bxa8 18. d5 g6 19. Nf1 Bg7 20. Bd2 Qa7 
21. Qc1 Na2 22. Qd1 Nb4 23. Ng3 Bb7 24. Bc3 Qb6 25. Qd2 Na6 26. Ba5 Qa7 
27. Qf4 Qb8 28. Nh4 Re5 29. Bc3 g5 30. Qd2 gxh4 31. Bxe5 hxg3 32. Bxg3 Qd8 
33. e5 dxe5 34. Bxe5 Nxd5 35. Qd3 Bxe5 36. Rxe5 Kf8 37. Qxb5 Qb8 38. Re1 Qc8 
39. Bxh7 Qc6 40. Qxc6 Bxc6 41. Be4 Ndb4 42. Bxc6 Nxc6 43. Kh2 Kg7 44. h4 f5 
45. Re6 Nab4 46. h5 Nd4 47. Rb6 Kh7 48. Kg3 Nd3 49. f3 Kg8 50. h6 Kh7 
51. Kh4 Nf4 52. Kg5 Nfe6+ 53. Kf6 Nf4 54. Kg5 Nfe6+ 55. Kf6 Nf4 56. Rd6 Nb5 1-0

[Event "Wednesday Apr 25 Engine Tour 9 rd Swiss 12m+1s Starts at 1600hrs"]
[Site "Infinity Chess"]
[Date "2018.4.25"]
[Round "5"]
[White "MarioDeMonti"]
[Black "ocirema"]
[Result "1/2-1/2"]
[ECO "C55"]
[WhiteElo "2449"]
[BlackElo "2442"]
[WhiteEngine "stockfish_x64_bmi2_2018_02_18_CTG"]
[BlackEngine "asmFishW_2018-04-24_popcnt"]
[EventType "Swiss"]
[WhiteTeam ""]
[BlackTeam ""]
[PlyCount "75"]
[TimeControl "720+1"]

1. e4 e5 2. Nf3 Nc6 3. Bc4 Nf6 4. d3 Bc5 5. c3 d6 6. O-O O-O 7. h3 a5 
8. Nbd2 Be6 9. Bb5 h6 10. Re1 Qb8 11. Nf1 Qa7 12. Ne3 a4 13. Re2 Rfd8 
14. Bxc6 bxc6 15. Nf1 Bb6 16. Ng3 c5 17. Nh4 c4 18. Nhf5 Kh8 19. d4 c6 
20. Re1 exd4 21. cxd4 Kh7 22. Be3 d5 23. e5 Ne4 24. Qg4 g6 25. Qh4 Bxf5 
26. Nxf5 gxf5 27. Qxh6+ Kg8 28. f3 Bxd4 29. fxe4 Re8 30. exf5 Bxe3+ 
31. Rxe3 Rxe5 32. Rae1 Rxe3 33. Rxe3 Re8 34. Qg5+ Kh7 35. Qh4+ Kg8 36. Qg5+ Kh7 
37. Qh5+ Kg8 38. Qg5+ 1/2-1/2

[Event "Wednesday Apr 25 Engine Tour 9 rd Swiss 12m+1s Starts at 1600hrs"]
[Site "Infinity Chess"]
[Date "2018.4.25"]
[Round "5"]
[White "Thinker"]
[Black "Time_bandit"]
[Result "1/2-1/2"]
[ECO "C55"]
[WhiteElo "2468"]
[BlackElo "2465"]
[WhiteEngine "BrainFish_180418_x64_modern_CTG"]
[BlackEngine "asmFishW_2018-04-11_bmi2"]
[EventType "Swiss"]
[WhiteTeam ""]
[BlackTeam ""]
[PlyCount "161"]
[TimeControl "720+1"]

1. e4 e5 2. Nf3 Nc6 3. Bc4 Nf6 4. d3 Bc5 5. c3 d6 6. O-O a5 7. Re1 O-O 8. h3 h6 
9. Nbd2 Be6 10. b3 Bb6 11. a4 d5 12. Bb5 Ne7 13. exd5 Nfxd5 14. Qc2 c6 
15. Bc4 Ng6 16. d4 Ndf4 17. dxe5 Nh4 18. Bf1 Bd5 19. Re4 Nfg6 20. Bc4 Re8 
21. g3 Nxf3+ 22. Nxf3 Qd7 23. Bxd5 cxd5 24. Rg4 Qc6 25. Nd4 Bxd4 26. Rxd4 Nxe5 
27. Kg2 b5 28. axb5 Qxb5 29. Qd1 Qb7 30. Rxd5 a4 31. f3 Rac8 32. Bf4 Ng6 
33. Rxa4 Rxc3 34. Rd3 Qc6 35. Rxc3 Qxc3 36. Bc1 Rc8 37. Bd2 Qd3 38. Re4 Qd5 
39. Qe1 Rc2 40. Re2 Ne5 41. Rxe5 Rxd2+ 42. Re2 Rd3 43. Re8+ Kh7 44. Qe4+ Qxe4 
45. Rxe4 Rxb3 46. g4 Kg6 47. Re5 f6 48. Ra5 Rb2+ 49. Kg3 Rb3 50. h4 Rb7 
51. h5+ Kh7 52. f4 g6 53. hxg6+ Kxg6 54. Kh4 f5 55. Ra6+ Kg7 56. g5 hxg5+ 
57. Kxg5 Rb5 58. Ra7+ Kg8 59. Ra1 Kf8 60. Ra2 Rc5 61. Ra1 Kf7 62. Rb1 Rc2 
63. Ra1 Rb2 64. Ra7+ Ke6 65. Ra6+ Kf7 66. Ra1 Rc2 67. Ra4 Rc1 68. Ra3 Rc6 
69. Ra7+ Ke6 70. Kg6 Rc5 71. Ra6+ Ke7 72. Ra8 Rb5 73. Ra7+ Ke6 74. Ra6+ Ke7 
75. Ra1 Kf8 76. Kg5 Ke7 77. Ra8 Kf7 78. Ra1 Rb2 79. Ra7+ Ke6 80. Ra6+ Kf7 
81. Rh6 1/2-1/2

[Event "Wednesday Apr 25 Engine Tour 9 rd Swiss 12m+1s Starts at 1600hrs"]
[Site "Infinity Chess"]
[Date "2018.4.25"]
[Round "5"]
[White "SkyPilot"]
[Black "THE_MACHINE"]
[Result "0-1 "]
[ECO "C50"]
[WhiteElo "2453"]
[BlackElo "2530"]
[WhiteEngine "stockfish_x64_bmi2_2018_04_07_CTG"]
[BlackEngine "BrainFish_180423_x64_bmi2"]
[EventType "Swiss"]
[WhiteTeam ""]
[BlackTeam ""]
[PlyCount "156"]
[TimeControl "720+1"]

1. e4 e5 2. Nf3 Nc6 3. Bc4 Bc5 4. O-O Nf6 5. d3 d6 6. c3 O-O 7. Bg5 a5 8. a4 h6 
9. Bh4 g5 10. Bg3 Kg7 11. Nbd2 Ba7 12. Re1 Ng8 13. Nf1 h5 14. h3 h4 15. Bh2 Nh6 
16. d4 g4 17. hxg4 Nxg4 18. Ne3 Rh8 19. Qd2 Qf6 20. Nd5 Qd8 21. Ra3 Rh5 
22. Be2 Rb8 23. Rb3 f6 24. Rb5 Rh7 25. Ne3 Nxe3 26. fxe3 Qe8 27. Kf2 Bg4 
28. Rg1 Qh5 29. Ke1 Bb6 30. Kd1 Kh8 31. Kc1 Qh6 32. Rf1 Rg8 33. Bc4 Rg6 
34. Rf2 Rhg7 35. Kb1 Bd7 36. Bb3 Kh7 37. Qe2 Nd8 38. Ne1 Nf7 39. Bd5 Qg5 
40. Ka2 Nh6 41. Rf3 Qh5 42. Bb3 Re7 43. Bd5 Bg4 44. c4 c6 45. Rxb6 cxd5 
46. cxd5 Nf7 47. Qf2 Kg7 48. Qd2 Bxf3 49. gxf3 h3 50. Rb3 Ng5 51. Rb6 Nf7 
52. Rb3 Kh7 53. Qf2 Rc7 54. Rb5 Rc1 55. Rxb7 Kg7 56. Qd2 Rxe1 57. Qxe1 Rg2 
58. f4 exd4 59. exd4 Rxh2 60. Qg3+ Qg6 61. Qf3 Rd2 62. Qxh3 Rxd4 63. Qd7 Rxe4 
64. f5 Qh5 65. Rc7 Rd4 66. Qe8 Rf4 67. Qd7 Rxf5 68. Qxd6 Rxd5 69. Qe6 Rd1 
70. Kb3 Qg6 71. Qc4 Rg1 72. Qd4 Qb1 73. Qd7 Rg3+ 74. Kc4 Qc1+ 75. Kb5 Qxb2+ 
76. Ka6 Qa2 77. Ka7 Rg5 78. Rc8 Qd5 0-1

[Event "Wednesday Apr 25 Engine Tour 9 rd Swiss 12m+1s Starts at 1600hrs"]
[Site "Infinity Chess"]
[Date "2018.4.25"]
[Round "5"]
[White "Seliga"]
[Black "Marsell"]
[Result "1/2-1/2"]
[ECO "C55"]
[WhiteElo "2479"]
[BlackElo "2473"]
[WhiteEngine "AsmFish A10_CTG"]
[BlackEngine "BrainFish_180418_x64_bmi2"]
[EventType "Swiss"]
[WhiteTeam ""]
[BlackTeam ""]
[PlyCount "194"]
[TimeControl "720+1"]

1. e4 e5 2. Nf3 Nc6 3. Bc4 Nf6 4. d3 Bc5 5. O-O d6 6. c3 O-O 7. b4 Bb6 
8. Nbd2 Ne7 9. a4 a5 10. b5 Ng6 11. Bb3 Bg4 12. h3 Bh5 13. Kh2 Nh4 14. Qe2 Nxf3+ 
15. Nxf3 c6 16. g4 Bg6 17. Bg5 h6 18. Bh4 Rc8 19. c4 Qe7 20. g5 hxg5 
21. Bxg5 Bh5 22. Rg1 Bc5 23. Rg3 Qe6 24. Rag1 Ne8 25. Be3 cxb5 26. axb5 f5 
27. Bxc5 dxc5 28. Bd1 Bxf3 29. Qxf3 fxe4 30. Qg2 Rc7 31. Bg4 Qh6 32. dxe4 Rf6 
33. Bf5 Re7 34. Rg5 Nc7 35. Qg4 Ne6 36. Bxe6+ Rfxe6 37. Rh5 Qf4+ 38. Qxf4 exf4 
39. Rxc5 Rxe4 40. Kg2 Re2 41. Kf3 Rc2 42. Ra1 Kf7 43. Rf5+ Ke6 44. Rxf4 b6 
45. Rd1 a4 46. Rd3 Rc7 47. Rfd4 R7xc4 48. Rd6+ Ke7 49. Rd7+ Kf6 50. R3d6+ Kf5 
51. Rf7+ Ke5 52. Rxb6 Rc7 53. Rxc7 Rxc7 54. Ra6 Rc3+ 55. Kg2 Rc4 56. b6 Rb4 
57. b7 Rxb7 58. Rxa4 g5 59. f3 Rb3 60. Kg3 Kf6 61. Kg4 Rb6 62. Rc4 Kg6 
63. Rc7 Rb4+ 64. Kg3 Rb3 65. Rc6+ Kf5 66. Rd6 Rb8 67. Rd3 Kg6 68. Rd4 Kf5 
69. Re4 Rb5 70. Re8 Rb6 71. Re3 Rb5 72. Kf2 Rb4 73. Re2 Kf6 74. Kg3 Kf5 
75. Ra2 Kf6 76. Ra5 Rb7 77. Ra6+ Kf5 78. Rd6 Rb3 79. Rc6 Rb2 80. Ra6 Ke5 
81. Ra5+ Kf6 82. Ra4 Ke6 83. Rd4 Ke5 84. Rd3 Ke6 85. Rd8 Kf5 86. Rd5+ Kg6 
87. Rd4 Kf5 88. Rd1 Kf6 89. Rd3 Kf7 90. Rd6 Kg7 91. Rc6 Kf7 92. Rc7+ Ke6 
93. Rh7 Kf5 94. h4 gxh4+ 95. Rxh4 Kg6 96. Kf4 Rb3 97. Rh1 Kf6 1/2-1/2

[Event "Wednesday Apr 25 Engine Tour 9 rd Swiss 12m+1s Starts at 1600hrs"]
[Site "Infinity Chess"]
[Date "2018.4.25"]
[Round "5"]
[White "angriff"]
[Black "Murx"]
[Result "1/2-1/2"]
[ECO "C53"]
[WhiteElo "2416"]
[BlackElo "2531"]
[WhiteEngine "DracoREX 3.07 64BIT POPCNT_CTG"]
[BlackEngine "asmFishW_2018-04-07_popcnt"]
[EventType "Swiss"]
[WhiteTeam ""]
[BlackTeam ""]
[PlyCount "178"]
[TimeControl "720+1"]

1. e4 e5 2. Nf3 Nc6 3. Bc4 Bc5 4. c3 Nf6 5. d3 d6 6. O-O a6 7. a4 O-O 8. Bg5 Ba7 
9. Nbd2 h6 10. Bh4 g5 11. Bg3 Kg7 12. Ba2 Nh7 13. Nc4 h5 14. h4 g4 15. Nfd2 f5 
16. exf5 Bxf5 17. Qe2 Nf6 18. Ne4 Nxe4 19. dxe4 Bd7 20. b4 Qf6 21. Rad1 Be6 
22. Ne3 Bxa2 23. Qxa2 Ne7 24. Qc4 Rac8 25. Qd3 Qe6 26. c4 Nc6 27. Rb1 Nd4 
28. c5 Rcd8 29. cxd6 cxd6 30. Nd5 Rc8 31. Rfc1 Rf7 32. Rxc8 Qxc8 33. Qd2 Qd8 
34. Kh1 Kh7 35. Rd1 Rf8 36. Qa2 Qd7 37. Kh2 Qf7 38. Rc1 Ne6 39. Kg1 Bd4 
40. Qd2 Kg6 41. Ne3 Bxe3 42. fxe3 Qe7 43. Rd1 Rd8 44. Qd5 Kh6 45. Be1 Kg6 
46. Rd2 Kh7 47. Bg3 Kg7 48. Kf2 Kf6 49. Kg1 Kg7 50. Rd1 Kh7 51. Kh1 Qf7 
52. Kh2 Kg8 53. b5 axb5 54. Qxb5 Qe7 55. Qd5 Kg7 56. Kg1 Kg6 57. Be1 Ng7 
58. a5 Ne8 59. Rb1 Nf6 60. Qxb7 Qxb7 61. Rxb7 Nxe4 62. Rb3 Kf5 63. Kf1 Nc5 
64. Rb6 Ke4 65. Ke2 Nd3 66. Rb1 Rf8 67. a6 Ra8 68. Ra1 Nxe1 69. Ra4+ Kd5 
70. Kxe1 Kc6 71. Ra2 Kb6 72. Rd2 Kc5 73. Ra2 Kb6 74. Rd2 Kxa6 75. Rxd6+ Kb5 
76. Kf2 Kc4 77. Rh6 Kd3 78. Rxh5 Rf8+ 79. Ke1 g3 80. Rg5 Kxe3 81. Rxg3+ Kd4 
82. Ke2 e4 83. h5 Ra8 84. h6 Ra2+ 85. Kd1 Ra7 86. h7 Rxh7 87. Ra3 Rg7 88. g3 Rb7 
89. Ke1 e3 1/2-1/2